 Dungeon Crawl Stone Soup version 0.17-a0-543-g13d7571 (webtiles) character file.

3707 Mysteryquy the Cleaver (level 10, -17/97 HPs)
             Began as a Hill Orc Fighter on Apr 13, 2015.
             Was an Elder of Makhleb.
             Demolished by an orc knight
             ... wielding a +0 war axe
              (21 damage)
             ... in a bailey.
             The game lasted 00:24:58 (8893 turns).

Mysteryquy the Cleaver (Hill Orc Fighter)           Turns: 8893, Time: 00:24:58

Health: -17/97     AC: 10    Str: 23    XL:     10   Next: 14%
Magic:  19/19      EV:  9    Int:  8    God:    Makhleb [****..]
Gold:   614        SH:  0    Dex: 18    Spells: 0 memorised, 9 levels left

rFire  . . .     SeeInvis .     H - +2 battleaxe (vamp) (curse)
rCold  + . .     Clarity  .     b - +0 scale mail
rNeg   . . .     SustAb   .     (no shield)
rPois  .         Gourm    .     Q - +1 hat
rElec  +         Spirit   .     (no cloak)
rCorr  +         Warding  .     R - +0 pair of gloves
rMut   .         Stasis   .     o - +0 pair of boots
MR     .....                    K - amulet of resist corrosion
Stlth  ..........               F - ring "Biekanugh" {rElec rC+ MP+9 Dex+4}
                                g - +4 ring of dexterity

@: not resistant to hostile enchantments, extremely unstealthy
A: screaming 1
a: Minor Destruction, Lesser Servant of Makhleb, Major Destruction, Renounce
Religion


You were in a bailey.
You worshipped Makhleb.
Makhleb was greatly pleased with you.
You were not hungry.

You visited 2 branches of the dungeon, and saw 10 of its levels.
You also visited: Bailey.

You collected 614 gold pieces.

Inventory:

Hand weapons
 a - a +0 war axe
 H - a cursed +2 vampiric battleaxe (weapon)
 L - the +6 war axe "Waofa" {chop, rPois Int+4}
   (You found it on level 8 of the Dungeon)

   It inflicts extra damage upon your enemies.
   It affects your intelligence (+4).
   It protects you from poison.
Armour
 b - a +0 scale mail (worn)
 o - a +0 pair of boots (worn)
 D - a +0 helmet
 Q - a +1 hat (worn)
 R - a +0 pair of gloves (worn)
Jewellery
 g - a +4 ring of dexterity (left hand)
 E - a +3 ring of slaying {unknown}
 F - the ring "Biekanugh" (right hand) {rElec rC+ MP+9 Dex+4}
   (You found it on level 6 of the Dungeon)

   [ring of magical power]

   It affects your dexterity (+4).
   It protects you from cold.
   It insulates you from electricity.
   It affects your magic capacity (+9).
 K - an amulet of resist corrosion (around neck)
Magical devices
 m - a wand of digging (12)
 t - a wand of fire (7)
 w - a wand of slowing (17)
 A - a wand of frost (14)
 I - a wand of random effects (13)
Scrolls
 f - a scroll of immolation {unknown}
 j - 2 scrolls of random uselessness {unknown}
 k - 10 scrolls of identify
 q - 2 scrolls of teleportation {unknown}
 r - 3 scrolls of fear {unknown}
 s - a scroll of enchant weapon {unknown}
 u - 3 scrolls of remove curse {unknown}
 y - 2 scrolls of amnesia {unknown}
 B - 2 scrolls of noise {unknown}
 C - a scroll of acquirement {unknown}
Potions
 c - a potion of poison {unknown}
 e - 4 potions of restore abilities {unknown}
 i - 2 potions of agility {unknown}
 l - 3 potions of curing {unknown}
 v - 3 potions of magic {unknown}
 x - 3 potions of heal wounds {unknown}
 z - a potion of brilliance {unknown}
 G - a potion of cure mutation {unknown}
Books
 J - a book of Summonings

   Spells                             Type                      Level
   a - Abjuration                     Summoning                    3
   b - Recall                         Summoning/Translocation      3
   c - Shadow Creatures               Summoning                    5
   d - Summon Demon                   Summoning                    5
   e - Summon Forest                  Summoning/Translocation      5
   f - Monstrous Menagerie            Summoning                    6
 M - a book of Geomancy

   Spells                             Type                      Level
   a - Sandblast                      Earth                        1
   b - Stoneskin                      Transmutation/Earth          2
   c - Passwall                       Transmutation/Earth          3
   d - Stone Arrow                    Conjuration/Earth            3
   e - Petrify                        Transmutation/Earth          4
   f - Lee's Rapid Deconstruction     Earth                        5
 O - a Grand Grimoire {highlevel, unknown}

   This book is beyond your current level of understanding.

   Spells                             Type                      Level
   a - Aura of Abjuration             Summoning                    6
   b - Summon Greater Demon           Summoning                    7
   c - Malign Gateway                 Summoning/Translocation      7
   d - Summon Horrible Things         Summoning                    8
Comestibles
 d - a bread ration
 h - 2 beef jerkies
 n - 6 meat rations
 p - 3 slices of pizza
 N - 10 royal jellies


   Skills:
 + Level 12.3 Fighting
 + Level 12.9 Axes
 - Level 3.2 Armour
   Level 3.2 Shields


You had 9 spell levels left.
You didn't know any spells.

Dungeon Overview and Level Annotations

Branches:
Dungeon (9/15)             Temple (1/1) D:5
   Lair: D:8-11         Orc: D:9-12

Altars:
Ashenzari
Cheibriados
Dithmenos
Elyvilon
Fedhas
Kikubaaqudgha
Makhleb
Nemelex Xobeh
Okawaru
Qazlal
Ru
Xom
Yredelemnul
Zin


Innate Abilities, Weirdness & Mutations

You occasionally shout uncontrollably at your foes.


Message History

You barely miss the orc knight.
The orc knight is heavily wounded.
The orc knight hits you with a war axe!
You closely miss the orc knight.
The orc knight is heavily wounded.
The orc knight hits you with a war axe!
You hit the orc knight but do no damage.
The orc knight is heavily wounded.
The orc knight hits you with a war axe!
* * * LOW HITPOINT WARNING * * *
You are too injured to fight recklessly!
You are too injured to fight recklessly!
You closely miss the orc knight.
The orc knight is heavily wounded.
The orc knight hits you with a war axe!!
* * * LOW HITPOINT WARNING * * *
You slash the orc knight!
You feel better.
The orc knight is heavily wounded.
The orc knight hits you with a war axe!!
You die...

#≈≈...(...≈≈###.
+≈≈...(...≈≈K.+
#≈≈...(...≈≈###
##≈...(...≈##
####.(.####
#.(.# ##'''##
##..∩o†##
#....@..#
#...∩...#
##.....##
#######


You could see an orc knight.

Vanquished Creatures
  The ghost of hornqvist the Basher, an average OgBe of Trog (D:4)
  Prince Ribbit (D:8)
  A hungry ghost (D:8)
  Menkaure (D:7)
  An ice beast (D:8)
  3 sky beasts
  2 orc warriors
  A phantom (D:4)
  5 ogres
  A big kobold (D:8)
  3 giant frogs
  The ghost of hornqvist the Cudgeler, a weakling OgBe of Trog (D:3)
  A scorpion (D:4)
  A killer bee (D:8)
  4 wights (D:6)
  2 goliath beetles
  2 hounds (D:4)
  3 crimson imps (D:5)
  9 orc wizards
  A quasit (D:8)
  2 centaur zombies
  2 orc priests
  2 centaur skeletons
  4 jellies
  An iguana (D:7)
  6 worker ants
  A worker ant zombie (D:5)
  3 adders
  A shadow imp (D:7)
  9 gnolls
  5 worms
  2 adder skeletons
  4 giant geckos
  7 oozes
  30 orcs
  A ball python (D:4)
  8 giant cockroaches
  20 goblins
  15 hobgoblins
  14 jackals
  18 kobolds
  4 quokkas
  14 bats
  A giant gecko skeleton (D:4)
  7 giant newts
  A jackal skeleton (D:7)
  17 rats
243 creatures vanquished.

Notes
Turn   | Place    | Note
--------------------------------------------------------------
     0 | D:1      | Mysteryquy, the Hill Orc Fighter, began the quest for the Orb.
     0 | D:1      | Reached XP level 1. HP: 19/19 MP: 1/1
   135 | D:1      | Reached XP level 2. HP: 21/27 MP: 2/2
   170 | D:1      | Reached skill level 4 in Fighting
   303 | D:1      | Reached XP level 3. HP: 34/34 MP: 3/3
  1065 | D:2      | Reached XP level 4. HP: 41/41 MP: 4/4
  1385 | D:3      | Reached skill level 5 in Fighting
  1517 | D:2      | Found a shattered altar of Ashenzari.
  1586 | D:3      | Reached skill level 5 in Axes
  1828 | D:3      | Reached XP level 5. HP: 28/48 MP: 5/5
  2019 | D:3      | Noticed hornqvist's ghost (weakling OgBe)
  2035 | D:3      | Killed hornqvist's ghost
  2374 | D:3      | Reached skill level 6 in Axes
  2527 | D:4      | Reached XP level 6. HP: 11/57 MP: 6/6
  2831 | D:4      | Noticed hornqvist's ghost (average OgBe)
  2846 | D:4      | Killed hornqvist's ghost
  2846 | D:4      | Reached skill level 7 in Fighting
  2846 | D:4      | Reached XP level 7. HP: 17/66 MP: 7/7
  3302 | D:4      | Reached skill level 8 in Axes
  3516 | D:4      | Found a snail-covered altar of Cheibriados.
  3975 | D:4      | Reached XP level 8. HP: 58/74 MP: 8/8
  4097 | D:5      | Entered Level 5 of the Dungeon
  4140 | D:5      | Gained mutation: Your muscles are strong. (Str +2) [mutagenic meat]
  4142 | D:5      | Gained mutation: Scrolls take you a little longer to read. [mutagenic meat]
  4193 | D:5      | Reached skill level 9 in Axes
  4218 | D:5      | Found a blossoming altar of Fedhas.
  4359 | D:5      | Found a staircase to the Ecumenical Temple.
  4373 | Temple   | Entered the Ecumenical Temple
  4496 | Temple   | Became a worshipper of Makhleb the Destroyer
  4850 | D:5      | Found a shadowy altar of Dithmenos.
  4891 | D:5      | Found a white marble altar of Elyvilon.
  5396 | D:6      | Acquired Makhleb's first power
  5596 | D:6      | Reached skill level 10 in Axes
  5612 | D:6      | Found a sacrificial altar of Ru.
  5704 | D:6      | Got a wavering tin ring
  5841 | D:6      | Reached skill level 10 in Fighting
  5841 | D:6      | Reached XP level 9. HP: 83/85 MP: 9/9
  6162 | D:6      | Found a basalt altar of Yredelemnul.
  6270 | D:7      | Lost mutation: Scrolls take you a little longer to read. [mutagenic meat]
  6434 | D:7      | Reached skill level 11 in Axes
  6470 | D:7      | Acquired Makhleb's second power
  6475 | D:7      | Gained mutation: You occasionally shout uncontrollably at your foes. [mutagenic meat]
  6476 | D:7      | Lost mutation: Your muscles are strong. (Str +2) [mutagenic meat]
  6691 | D:7      | Noticed Menkaure
  6697 | D:7      | Killed Menkaure
  7516 | D:8      | Found a shimmering altar of Xom.
  7678 | D:8      | Noticed Prince Ribbit
  7687 | D:8      | Killed Prince Ribbit
  7687 | D:8      | Reached skill level 12 in Axes
  7856 | D:8      | Got a bloodstained war axe
  7857 | D:8      | Identified the +6 war axe "Waofa" {chop, rPois Int+4} (You found it on level 8 of the Dungeon)
  7858 | D:8      | Identified the ring "Biekanugh" {rElec rC+ MP+9 Dex+4} (You found it on level 6 of the Dungeon)
  7876 | D:8      | Acquired Makhleb's third power
  8005 | D:8      | Reached XP level 10. HP: 97/97 MP: 10/10
  8783 | D:9      | Acquired Makhleb's fourth power
  8830 | D:9      | Found a flagged portal.
  8848 | Bailey   | Entered a bailey
  8868 | Bailey   | Noticed an orc knight
  8892 | Bailey   | HP: 1/97 [orc knight/war axe (21)]
  8893 | Bailey   | Demolished by an orc knight

Action                   |  1- 3 |  4- 6 |  7- 9 | 10-12 || total
-------------------------+-------+-------+-------+-------++-------
Melee: War axe           |   108 |   154 |   262 |       ||   524
       Battleaxe         |       |       |   179 |    69 ||   248
  Use: Potion            |       |     2 |       |       ||     2
       Scroll            |       |       |     2 |       ||     2
  Eat: Chunk             |     1 |     6 |    12 |     2 ||    21
       Bread ration      |       |       |     4 |       ||     4
